 Dungeon Crawl Stone Soup version 0.28.0-1-gb440e238dd (webtiles) character file.

Game seed: 6289798697858156999

65 Peloso the Skirmisher (level 3, 0/33 HPs)
             Began as a Minotaur Fighter on Feb 25, 2022.
             Succumbed to an orc's poison
             ... on level 3 of the Dungeon.
             The game lasted 00:01:43 (1660 turns).

Peloso the Skirmisher (Minotaur Fighter)            Turns: 1660, Time: 00:01:44

Health: 0/33       AC:  7    Str: 20    XL:     3   Next: 92%
Magic:  2/2        EV:  9    Int:  5    God:
Gold:   50         SH:  4    Dex: 11    Spells: 2/2 levels left

rFire   . . .      SeeInvis .   a - +0 long sword
rCold   . . .      Faith    .   c - +0 buckler
rNeg    . . .      Spirit   .   b - +0 scale mail
rPois   .          Reflect  .   (helmet restricted)
rElec   .          Harm     .   (no cloak)
rCorr   .          Rampage  .   (no gloves)
Will    .....                   (no boots)
Stlth   ..........              (no amulet)
HPRegen 0.11/turn               (no ring)
MPRegen 0.08/turn               (no ring)

@: lethally poisoned (0 -> -9)
A: horns 2, retaliatory headbutt
a: no special abilities


You were on level 3 of the Dungeon.
You visited 1 branch of the dungeon, and saw 3 of its levels.

You collected 50 gold pieces.

Inventory:

Hand Weapons
 a - a +0 long sword (weapon)
Missiles
 f - 2 throwing nets (quivered)
Armour
 b - a +0 scale mail (worn)
 c - a +0 buckler (worn)
Scrolls
 e - a scroll of teleportation {unknown}
 i - a scroll of fear {unknown}
 j - a scroll of identify {unknown}
Potions
 d - a potion of might
 g - a potion of curing {unknown}
 h - a potion of heal wounds {unknown}


   Skills:
 + Level 4.1 Fighting
 + Level 3.9 Long Blades
 + Level 4.1 Armour
 + Level 0.3 Dodging
 + Level 4.0 Shields


You had 2 spell levels left.
You didn't know any spells.
Your spell library was empty.

Dungeon Overview and Level Annotations

Branches:
Dungeon (3/15)

Altars:

Shops:
D:2 *


Innate Abilities, Weirdness & Mutations

You have a pair of horns on your head.
You reflexively headbutt those who attack you in melee.


Message History

You closely miss the kobold.
The kobold is heavily wounded.
You block the kobold's attack.
You slash the kobold!
You kill the kobold!
There is an open door here.
Things that are here:
a +0 short sword; 4 stones You open the door.
There is an open door here.
An orc comes into view. It is wielding a +2 hand axe of venom.
The orc shouts!
An orc is nearby!
An orc is nearby!
The orc hits you but does no damage.
You closely miss the orc.
The orc hits you with a +2 hand axe of venom!
You are poisoned.
The orc completely misses you.
You closely miss the orc.
You feel very sick.
The orc hits you with a +2 hand axe of venom.
You are more poisoned.
You closely miss the orc.
You feel very sick.
The orc hits you with a +2 hand axe of venom.
You hit the orc.
The orc is heavily wounded.
You feel sick.
The orc hits you with a +2 hand axe of venom.
* * * LOW HITPOINT WARNING * * *
You are more poisoned.
You slash the orc!
You kill the orc!
* * * LOW HITPOINT WARNING * * *
You feel very sick.
* * * LOW HITPOINT WARNING * * *
You feel very sick.
You see here a +2 hand axe of venom.
You die...

.######...##...........
#.####..####..### #..
##..#..#..#
..#.#...#..#..#
#.##.#...##'#..### ..
#.............. ..# .##
###..........⌠.
.....######...#+##)##.^.
#....@).....# #..###'
......######..# #..#..(
..... #..# ####... ...#
#.... #### .. #..... .
#....... . ######## #


There were no monsters in sight!

Vanquished Creatures
  2 adders (D:2)
  A dart slug (D:1)
  4 orcs (D:3)
  5 ball pythons
  4 bats
  4 endoplasms (D:1)
  2 giant cockroaches (D:1)
  A goblin (D:1)
  3 hobgoblins
  3 kobolds
  A quokka (D:2)
  3 frilled lizards
  4 rats
37 creatures vanquished.

Notes
Turn   | Place    | Note
-------+----------+-------------------------------------------
     0 | D:1      | Peloso the Minotaur Fighter began the quest for the Orb.
     0 | D:1      | Reached XP level 1. HP: 19/19 MP: 0/0
   147 | D:1      | Reached XP level 2. HP: 27/27 MP: 1/1
  1044 | D:2      | Reached XP level 3. HP: 33/33 MP: 2/2
  1158 | D:2      | Found Gafural's General Store.
  1660 | D:3      | Succumbed to an orc's poison

Illustrated notes

Levels and vault maps discovered:
D:1:      saegor_arrival_simple_c, layout_rooms
D:2:      layout_loops_ring, serial_shops, nicolae_shop_trees
D:3:      corexii_shack_village, layout_rooms, nicolae_overflow_hidden_temple,
          nicolae_tso_swordbearing_angel, amcnicky_altar_gilded,
          hellmonk_ecumenical_altar_inner_sanctum

Skill      XL: |  1  2  3 |
---------------+----------+-----
Fighting       | 4 |  4.1
Long Blades    | 3 |  3.9
Shields        | 4 |  4.0
Armour         | 4 |  4.1
Dodging        | |  0.3

Action                   || total
-------------------------++-------
Melee: Long sword        ||    81
       Headbutt          ||    13
Armor: Scale mail        ||    47
Dodge: Dodged            ||    45
Block: Buckler           ||    27
